 Dungeon Crawl Stone Soup version 0.23.0 (webtiles) character file.

Game seed: 8458683725118039368

808 Blackhawk the Chopper (level 7, -2/61 HPs)
             Began as a Minotaur Gladiator on Feb 11, 2019.
             Was a Priest of Makhleb.
             Slain by a gnoll (3 damage)
             ... on level 4 of the Dungeon.
             The game lasted 00:07:03 (4576 turns).

Blackhawk the Chopper (Minotaur Gladiator)          Turns: 4576, Time: 00:07:04

Health: -2/61      AC:  9    Str: 27    XL:     7   Next: 60%
Magic:  6/6        EV:  8    Int:  5    God:    Makhleb [***...]
Gold:   324        SH:  0    Dex: 11    Spells: 6/6 levels left

rFire    . . .     SeeInvis .   b - +2 hand axe (elec)
rCold    . . .     Gourm    .   (no shield)
rNeg     . . .     Faith    .   k - +0 chain mail
rPois    .         Spirit   .   c - +0 hat
rElec    .         Reflect  .   (no cloak)
rCorr    .         Harm     .   (no gloves)
MR       .....                  (no boots)
Stlth    ..........             (no amulet)
HPRegen  0.20/turn              m - +6 ring of strength
MPRegen  0.10/turn              v - -3 ring of evasion (curse)

@: no status effects
A: retaliatory headbutt, horns 2
a: Minor Destruction, Lesser Servant of Makhleb, Renounce Religion


You were on level 4 of the Dungeon.
You worshipped Makhleb.
Makhleb was most pleased with you.
You were not hungry.

You visited 1 branch of the dungeon, and saw 5 of its levels.

You collected 324 gold pieces.

Inventory:

Hand Weapons
 a - a +0 war axe
 b - a +2 hand axe of electrocution (weapon)
 w - a +1 whip of electrocution
Missiles
 d - 4 throwing nets (quivered)
Armour
 c - a +0 hat (worn)
 e - a +0 leather armour
 k - a +0 chain mail (worn)
Jewellery
 m - a +6 ring of strength (left hand)
 v - a cursed -3 ring of evasion (right hand)
Scrolls
 g - a scroll of blinking {unknown}
 j - a scroll of immolation {unknown}
 n - 3 scrolls of teleportation {unknown}
 o - a scroll of fog {unknown}
 p - 2 scrolls of enchant weapon {unknown}
 q - 2 scrolls of identify {unknown}
 r - 2 scrolls of remove curse {unknown}
 u - a scroll of magic mapping {unknown}
Potions
 h - 2 potions of curing {unknown}
 i - a potion of ambrosia {unknown}
 l - 2 potions of magic {unknown}
 s - a potion of haste {unknown}
Comestibles
 f - 7 rations
 t - 2 chunks of flesh


   Skills:
 + Level 5.6 Fighting
 + Level 6.2 Axes
 - Level 2.0 Throwing
 + Level 4.8 Armour
 + Level 5.7 Dodging


You had 6 spell levels left.
You didn't know any spells.
Your spell library contained the following spells:

 Spells                   Type           Power        Failure   Level  Hunger
 Animate Skeleton         Necr           N/A          96%         1    ##.....
 Apportation              Tloc           #.....       96%         1    ##.....
 Confusing Touch          Hex            #.....       96%         1    ##.....
 Summon Small Mammal      Summ           #...         96%         1    ##.....


Dungeon Overview and Level Annotations

Branches:
Dungeon (5/15)             Temple (0/1) D:4

Altars:
Kikubaaqudgha
Makhleb
Qazlal
Sif Muna
Yredelemnul

Annotations:
D:4 1 runed translucent door, exclusion: door, staltz's ghost, novice TeEn


Innate Abilities, Weirdness & Mutations

You reflexively headbutt those who attack you in melee.
You have a pair of horns on your head.


Message History

The centaur shoots an arrow.
The arrow hits you.
* * * LOW HITPOINT WARNING * * *
The crimson imp blinks!
The centaur shoots an arrow.
The arrow hits you but does no damage.
You see here 2 arrows.
A hound comes into view.
The centaur shoots an arrow.
The arrow hits you.
* * * LOW HITPOINT WARNING * * *
The gnoll hits you from afar with a +0 halberd.
* * * LOW HITPOINT WARNING * * *
The hound barks!
There is a stone staircase leading up, spattered with blood here.
You see here an arrow.
The centaur shoots an arrow.
The arrow hits you.
* * * LOW HITPOINT WARNING * * *
You climb upwards.
Level annotation: 1 runed translucent door, exclusion: door, staltz's ghost, novice TeEn
There is a stone staircase leading down here.
The gnoll hits you.
You die...

##...########## #....<........#
..............# #.###.#######.#
.....###.####.# #.#.#.# #.#
##...###.####.####.....#######.##
#...............................
#.....................##.###...#
##....#..#.##.####.#...##.###...#
#..................#...##.##....#
#.....#..#......@.........##.##.#
.................g.#...####...###
#..................#....##.....##
+.....#..#.............##.......#
#...........#...........#..._...#
#...........#.####.#...##.......#
#.......................##.....##
+........................##...##.
##.............#..........#####..


You could see a gnoll.

Vanquished Creatures
  An ogre (D:4)
  A big kobold (D:4)
  2 scorpions (D:4)
  A howler monkey (D:5)
  A hound (D:4)
  3 orc wizards
  3 orc priests
  An iguana (D:4)
  2 worker ants (D:4)
  6 gnolls
  4 adders
  An adder skeleton (D:4)
  A worm (D:2)
  4 dart slugs
  4 leopard geckos
  18 orcs
  8 bats
  2 gnoll zombies (D:3)
  3 goblins
  4 hobgoblins
  2 jackals (D:3)
  2 quokkas
  A ball python (D:1)
  3 frilled lizards
  48 kobolds
  A leopard gecko skeleton (D:4)
  5 rats
132 creatures vanquished.

Notes
Turn   | Place    | Note
-------+----------+-------------------------------------------
     0 | D:1      | Blackhawk the Minotaur Gladiator began the quest for the
                  | Orb.
     0 | D:1      | Reached XP level 1. HP: 18/18 MP: 0/0
   297 | D:1      | Reached XP level 2. HP: 21/25 MP: 1/1
   436 | D:1      | Reached skill level 1 in Armour
  1054 | D:2      | Reached skill level 4 in Axes
  1088 | D:2      | Reached XP level 3. HP: 31/31 MP: 2/2
  1700 | D:2      | Reached XP level 4. HP: 7/38 MP: 3/3
  2082 | D:3      | Found a faded altar of an unknown god.
  2125 | D:3      | Became a worshipper of Makhleb the Destroyer
  2125 | D:3      | Reached * piety under Makhleb
  2280 | D:3      | Reached XP level 5. HP: 46/46 MP: 4/4
  3095 | D:3      | Found a burning altar of Makhleb.
  3170 | D:3      | Found a basalt altar of Yredelemnul.
  3327 | D:4      | Reached skill level 5 in Axes
  3456 | D:4      | Found an ancient bone altar of Kikubaaqudgha.
  3503 | D:4      | Reached ** piety under Makhleb
  3503 | D:4      | Reached XP level 6. HP: 53/53 MP: 5/5
  3525 | D:4      | Found a stormy altar of Qazlal.
  3646 | D:4      | Found a deep blue altar of Sif Muna.
  3779 | D:4      | Reached skill level 5 in Dodging
  3949 | D:4      | Found a runed translucent door.
  3950 | D:4      | Found a staircase to the Ecumenical Temple.
  4090 | D:4      | Noticed staltz's ghost (novice TeEn)
  4284 | D:4      | Reached XP level 7. HP: 60/60 MP: 6/6
  4286 | D:4      | Reached skill level 5 in Fighting
  4378 | D:4      | Reached *** piety under Makhleb
  4388 | D:4      | Reached skill level 6 in Axes
  4554 | D:5      | Entered Level 5 of the Dungeon
  4574 | D:5      | HP: 1/61 [centaur/arrow (6)]
  4576 | D:4      | Slain by a gnoll

Skill      XL: |  1  2  3  4  5  6  7 |
---------------+----------------------+-----
Armour         | 1 2 3 4 |  4.8
Fighting       | 3 4 5 |  5.6
Axes           | 4 5 6 |  6.2
Dodging        | 4 5 |  5.7
Throwing       | |  2.0

Action                   |  1- 3 |  4- 6 |  7- 9 || total
-------------------------+-------+-------+-------++-------
Melee: War axe           |    55 |    54 |       ||   109
       Whip              |     2 |       |       ||     2
       Headbutt          |     9 |    25 |     5 ||    39
       Hand axe          |       |    65 |    49 ||   114
  Eat: Chunk             |     2 |     8 |     2 ||    12
Armor: Leather armour    |    11 |       |       ||    11
       Chain mail        |    19 |    63 |    26 ||   108
Dodge: Dodged            |    39 |    63 |    20 ||   122
